 Dungeon Crawl Stone Soup version 0.30-a0-557-ge2afbf3030 (webtiles) character file.

Game seed: 13499628415457991254

91 greasedhog the Conjurer (level 4, 0/28 HPs)
             Began as a Gargoyle Reaver on Dec 27, 2022.
             Slain by a goblin
             ... wielding a +0 club
             ... led by Robin
              (2 damage)
             ... on level 3 of the Dungeon.
             The game lasted 00:03:11 (1683 turns).

greasedhog the Conjurer (Gargoyle Reaver)           Turns: 1683, Time: 00:03:12

Health: 0/28       AC:  6    Str: 17    XL:     4   Next: 57%
Magic:  7/7        EV: 11    Int: 14    God:
Gold:   1366       SH:  0    Dex:  8    Spells: 2/7 levels left

rFire   . . .      SeeInvis .    a - +0 mace (elec)
rCold   . . .      Faith    .    (no shield)
rNeg    + . .      Spirit   .    b - +0 leather armour
rPois   ∞          Reflect  .    (no helmet)
rElec   +          Harm     .    (no cloak)
rCorr   .          Rampage  .    (no gloves)
Will    .....                    (no boots)
Stlth   +                        (no amulet)
HPRegen 0.24/turn                (no ring)
MPRegen 0.10/turn                (no ring)

@: no status effects
A: sickness immunity, AC +3, negative energy resistance 1, electricity
resistance, torment resistance 1, petrification resistance
a: no special abilities


You were on level 3 of the Dungeon.
You visited 1 branch of the dungeon, and saw 3 of its levels.

You collected 1366 gold pieces.

Inventory:

Hand Weapons
 a - a +0 mace of electrocution (weapon)
Armour
 b - a +0 leather armour (worn)
Scrolls
 g - a scroll of fog {unknown}
 i - a scroll of magic mapping {unknown}
 j - a scroll of teleportation {unknown}
Potions
 c - 2 potions of attraction
 d - a potion of brilliance {unknown}
 e - a potion of might {unknown}
 f - 2 potions of magic {unknown}
 h - a potion of haste {unknown}


   Skills:
 * Level 3.4 Fighting
 * Level 3.8 Maces & Flails
 - Level 1.5 Dodging
 - Level 2.1 Spellcasting
 * Level 4.1 Conjurations


You had 2 spell levels left.
You knew the following spells:

 Your Spells              Type           Power      Damage    Failure   Level
a - Kiss of Death         Conj/Necr      28%        2d7       12%         1
b - Momentum Strike       Conj/Tloc      14%        3d8       19%         2
c - Blink                 Tloc           2%         N/A       41%         2

Your spell library contained the following spells:

 Spells                   Type           Power      Damage    Failure   Level
 Hailstorm                Conj/Ice       7%         3d4       36%         3
 Gell's Gravitas          Tloc           1%         N/A       65%         3
 Lesser Beckoning         Tloc           2%         N/A       65%         3
 Teleport Other           Tloc           1%         N/A       65%         3


Dungeon Overview and Level Annotations

Branches:
Dungeon (3/15)

Altars:
Hepliaklqana

Annotations:
D:3 Robin


Innate Abilities, Weirdness & Mutations

You are immune to sickness and miasma.
Your stone body is resilient. (AC +3)
You are immune to poison.
You resist negative energy. (rN+)
You are resistant to electric shocks. (rElec)
You are resistant to unholy torment.
You are immune to petrification.


Message History

Robin throws the goblin at you! The goblin hits you but does no damage.
The goblin attacks as you move away! The goblin misses you.
The goblin no longer looks unusually strong.
The goblin attacks as you move away! The goblin hits you with a +0 club.
The goblin no longer looks unusually strong.
The goblin attacks as you move away! The goblin hits you but does no damage.
There is an open door here.
The goblin no longer looks unusually strong.
There's a creature in the doorway!
You hit the goblin. Lightning courses through the goblin!
You kill the goblin!
The hobgoblin no longer looks unusually strong.
You sock the goblin! Lightning courses through the goblin!!
You kill the goblin!
There is an open door here.
The goblin attacks as you move away! The goblin hits you with a +0 dagger.
The goblin attacks as you move away! The goblin closely misses you.
You hit the goblin.
The goblin is moderately wounded.
The goblin hits you but does no damage.
You sock the goblin!
You kill the goblin!
The hobgoblin hits you.
You hit the hobgoblin.
The hobgoblin is moderately wounded.
The hobgoblin closely misses you.
You hit the hobgoblin.
The hobgoblin is heavily wounded.
The hobgoblin completely misses you.
You hit the hobgoblin.
Lightning courses through the hobgoblin!
You kill the hobgoblin!
Robin zaps a wand.
The bolt of dispelling energy misses the hobgoblin.
The bolt of dispelling energy hits you!
Ouch! That really hurt!
* * * LOW HITPOINT WARNING * * *
The hobgoblin attacks as you move away! The hobgoblin closely misses you.
Robin throws the goblin at you! The goblin hits you with a +0 club.
You die...

#.####...######..........# #.
##ggg.g......####......[## #.
#.#####.###### ######### ### #.
)## #.# ### ##.###. # ##g## #.#
##.#.##. ##...## #.# ##.###.#.
##....g## #.### ##.#####..
##.......## ##.#.## #.........
#........g####@..#.####.##.#.).
+....÷....g).g.g.>............)
#.........####....#####.#†.....
##.......## ##.#.# #.##.##)#
##.....## ###.# #.##.##.#
##...## #.# #.##.##.# ##+## #.#
#.##.##.# #.# #.......# #.
####.####


You could see Robin, a hobgoblin and a goblin.

Vanquished Creatures
  2 gnolls (D:3)
  2 adders (D:3)
  2 dart slugs
  3 endoplasms (D:1)
  A giant cockroach (D:3)
  8 goblins
  5 hobgoblins
  6 jackals
  2 kobolds
  A quokka (D:3)
  A ball python (D:3)
  6 bats
  3 frilled lizards
  3 rats (D:1)
45 creatures vanquished.

Notes
Turn   | Place    | Note
-------+----------+-------------------------------------------
     0 | D:1      | greasedhog the Gargoyle Reaver began the quest for the Orb.
     0 | D:1      | Reached XP level 1. HP: 12/12 MP: 3/3
    97 | D:1      | Reached XP level 2. HP: 14/14 MP: 5/5
   176 | D:1      | Learned a level 2 spell: Momentum Strike
   409 | D:1      | Found a faded altar of an unknown god.
   641 | D:2      | Identified a scroll of acquirement
   641 | D:2      | Acquired 1216 gold pieces
   935 | D:3      | Reached XP level 3. HP: 15/22 MP: 6/6
  1074 | D:3      | Reached XP level 4. HP: 20/28 MP: 4/7
  1180 | D:3      | Reached skill level 4 in Conjurations
  1394 | D:3      | Learned a level 2 spell: Blink
  1611 | D:3      | Found a hazy altar of Hepliaklqana.
  1650 | D:3      | Noticed Robin
  1681 | D:3      | HP: 1/28 [Robin/bolt of dispelling energy (14)]
  1683 | D:3      | Slain by a goblin

Illustrated notes

Levels and vault maps discovered:
D:1:      minmay_arrival_wavy_path, layout_basic,
          dreamdust_ecumenical_altar_grove
D:2:      layout_basic, basic_altar
D:3:      layout_loops_corners, nicolae_hepliaklqana_hippocampus, uniq_robin

Skill      XL: |  1  2  3  4 |
---------------+-------------+-----
Fighting       | 3 |  3.4
Conjurations   | 4 |  4.1
Maces & Flails | |  3.8
Dodging        | |  1.5
Spellcasting   | |  2.1

Action                   |  1- 3 |  4- 6 || total
-------------------------+-------+-------++-------
Melee: Mace              |   101 |    47 ||   148
       Punch             |     2 |       ||     2
 Cast: Kiss of Death     |     2 |       ||     2
       Momentum Strike   |     1 |       ||     1
  Use: Scroll            |     4 |       ||     4
Armor: Leather armour    |    43 |    25 ||    68
Dodge: Dodged            |    92 |    40 ||   132

Table legend: (Time is in decaauts)
 A = Elapsed time spent in this place.
 B = Non-inter-level travel time spent in this place.
 C = Inter-level travel time spent in this place.
 D = Time resting spent in this place.
 E = Time spent auto-exploring this place.
 F = Levels seen in this place.
 G = Mean time per level.
                   A        B        C        D        E       F      G
               +--------+--------+--------+--------+--------+-----+--------+
         Total |   1717 |   1667 |     50 |     37 |   1243 |   3 |  572.3 |
       Dungeon |   1717 |   1667 |     50 |     37 |   1243 |   3 |  572.3 |
               +--------+--------+--------+--------+--------+-----+--------+

Top non-repeatable levels by time:
     D:3: 781 daAuts
     D:1: 619 daAuts
     D:2: 317 daAuts
